 Dungeon Crawl Stone Soup version 0.30-a0-358-g0d69a1922f (webtiles) character file.

Game seed: 6865608944380711656

208 zishaf the Grave Robber (level 6, 0/46 HPs)
             Began as a Human Necromancer on Nov 9, 2022.
             Slain by a phantom (2 damage)
             ... on level 4 of the Dungeon.
             The game lasted 00:07:49 (3929 turns).

zishaf the Grave Robber (Human Necromancer)         Turns: 3929, Time: 00:07:50

Health: 0/46       AC:  2    Str:  8    XL:     6   Next: 11%
Magic:  9/9        EV: 12    Int: 18    God:
Gold:   57         SH:  0    Dex: 13    Spells: 3/9 levels left

rFire   . . .      SeeInvis .    p - +2 mace (protect)
rCold   . . .      Faith    .    (no shield)
rNeg    . . .      Spirit   .    a - +0 robe
rPois   .          Reflect  .    j - +0 hat
rElec   .          Harm     .    s - scarf {shadows}
rCorr   .          Rampage  .    (no gloves)
Will    .....                    (no boots)
Stlth   ++........               n - amulet of the acrobat
HPRegen 0.27/turn                (no ring)
MPRegen 0.11/turn                (no ring)

@: no status effects
A: no striking features
a: no special abilities


You were on level 4 of the Dungeon.
You visited 1 branch of the dungeon, and saw 4 of its levels.

You collected 211 gold pieces.
You spent 154 gold pieces at shops.

Inventory:

Hand Weapons
 k - a +3 dagger of draining
 p - a +2 mace of protection (weapon)
Missiles
 d - 15 poisoned darts (quivered)
Armour
 a - a +0 robe (worn)
 j - a +0 hat (worn)
 s - a scarf of shadows (worn)
Jewellery
 n - an amulet of the acrobat (around neck)
Scrolls
 c - a scroll of vulnerability
 e - a scroll of poison
 v - a scroll of enchant weapon
Potions
 b - a potion of magic
 f - a potion of resistance {unknown}
 g - 2 potions of brilliance
 h - a potion of flight
 i - 2 potions of curing
 w - a potion of lignification
 x - a potion of mutation


   Skills:
 + Level 2.9 Fighting
 - Level 2.0 Dodging
 - Level 2.0 Stealth
 - Level 2.0 Spellcasting
 + Level 5.3 Necromancy
 + Level 2.5 Translocations


You had 3 spell levels left.
You knew the following spells:

 Your Spells              Type           Power      Damage    Failure   Level
a - Necrotise             Necr           84%        1d8       1%          1
b - Vampiric Draining     Necr           21%        2d7       6%          3
A - Blink                 Tloc           22%        N/A       10%         2

Your spell library contained the following spells:

 Spells                   Type           Power      Damage    Failure   Level
 Momentum Strike          Conj/Tloc      12%        3d8       16%         2
 Lesser Beckoning         Tloc           22%        N/A       19%         3
 Ensorcelled Hibernation  Hex/Ice        2%         N/A       26%         2
 Passwall                 Tmut/Erth      0%         N/A       26%         2
 Portal Projectile        Hex/Tloc       12%        N/A       32%         3
 Ignite Poison            Fire/Tmut/Pois 1%         N/A       47%         3
 Swiftness                Air            1%         N/A       47%         3
 Tukima's Dance           Hex            1%         N/A       47%         3
 Animate Dead             Necr           21%        N/A       21%         4
 Agony                    Necr           21%        N/A       50%         5
 Manifold Assault         Tloc           11%        N/A       52%         4
 Sticky Flame             Conj/Fire      1%         2d3       87%         4
 Blade Hands              Tmut           0%         N/A       99%         5
 Storm Form               Tmut/Air       0%         N/A       100%        7
 Ignition                 Fire           0%         3d3       100%        8


Dungeon Overview and Level Annotations

Branches:
Dungeon (4/15)
 Temple: D:4-7

Altars:
Zin

Shops:
D:1 !   D:3 =


Message History

The phantom is severely damaged.
The gnoll hits you from afar with a +0 halberd.
The phantom hits you.
* * * LOW HITPOINT WARNING * * *
The gnoll throws a stone.
The stone barely misses you.
The phantom hits you but does no damage.
You hit the phantom but do no damage.
The phantom is severely damaged.
The phantom hits you but does no damage.
The gnoll hits you but does no damage.
Okay, then.
You closely miss the phantom.
The phantom is severely damaged.
The gnoll barely misses you. The phantom hits you.
* * * LOW HITPOINT WARNING * * *
The phantom blinks!
You blink.
An orc and a hobgoblin come into view.
The orc is wielding a +0 vorpal falchion.
Found a whip.
The phantom closely misses you.
The gnoll throws a stone.
The stone hits you but does no damage.
Okay, then.
You barely miss the phantom.
The phantom is severely damaged.
The phantom hits you.
* * * LOW HITPOINT WARNING * * *
The phantom blinks!
You blink.
Okay, then.
You feel better. The phantom misses you.
The gnoll throws a stone.
The stone misses you.
The gnoll throws a stone.
The stone completely misses you. The phantom attacks as you move away!
The phantom completely misses you.
You miss the phantom.
The phantom is severely damaged.
The phantom closely misses you.
You barely miss the phantom.
The phantom is severely damaged.
The gnoll hits you from afar with a +0 halberd!
* * * LOW HITPOINT WARNING * * *
The phantom closely misses you. The phantom hits you.
You die...

*,,og......#.......##.....
*,,......#.......####.####
*,,.....................##
****,#....................
#)...#ยง##....#.###.####
#...*#.##....#.##..# ##
#..,*#.........##.####.
#...#####..............
#,#...@Wg.......#..####
#...######..###...###
##,,* #....##.#...# *,,**
#.##.##...#.###
*,,^***#.*#.##..##...#
*,*,,,...##.#......#..
*,****##............#.
****,*****#.##.#.........
*,,,,,,,,..,*#...........


You could see a phantom and a gnoll.

Vanquished Creatures
  A scorpion (D:4)
  3 adders
  2 gnolls
  A shadow imp (D:4)
  A worm (D:4)
  2 dart slugs (D:2)
  4 orcs (D:3)
  4 ball pythons
  5 endoplasms
  7 giant cockroaches
  8 goblins
  3 hobgoblins
  8 jackals
  6 bats
  2 frilled lizards
  13 kobolds
  5 rats
75 creatures vanquished.

Vanquished Creatures (collateral kills)
  A hobgoblin (D:1)
1 creature vanquished.

Grand Total: 76 creatures vanquished

Notes
Turn   | Place    | Note
-------+----------+-------------------------------------------
     0 | D:1      | zishaf the Human Necromancer began the quest for the Orb.
     0 | D:1      | Reached XP level 1. HP: 13/13 MP: 3/3
   142 | D:1      | Reached XP level 2. HP: 6/20 MP: 0/5
   570 | D:1      | Found Usaynkewie's Distillery.
   675 | D:1      | Bought a potion of curing for 42 gold pieces
   686 | D:1      | Reached skill level 1 in Fighting
   698 | D:1      | Learned a level 2 spell: Blink
   820 | D:1      | Reached XP level 3. HP: 22/26 MP: 1/6
   838 | D:1      | Learned a level 3 spell: Vampiric Draining
  1657 | D:2      | Reached skill level 1 in Translocations
  1657 | D:2      | Reached XP level 4. HP: 32/32 MP: 3/7
  1859 | D:2      | Found a glowing silver altar of Zin.
  2784 | D:3      | Found Doagiraq's Jewellery Shoppe.
  3186 | D:1      | Bought a potion of mutation for 112 gold pieces
  3404 | D:4      | Reached skill level 5 in Necromancy
  3404 | D:4      | Reached XP level 5. HP: 28/38 MP: 8/8
  3683 | D:4      | Noticed a phantom
  3687 | D:4      | Reached XP level 6. HP: 39/46 MP: 9/9
  3929 | D:4      | HP: 2/46 [gnoll/+0 halberd (13)]
  3929 | D:4      | Slain by a phantom

Illustrated notes

Levels and vault maps discovered:
D:1:      wander_arrival_desolate, layout_basic, serial_shops,
          nicolae_diamond_shop
D:2:      layout_loops_ring, basic_altar
D:3:      layout_loops_corners, serial_shops, nicolae_shop_advertising_works
          [nicolae_subvault_shop_adworks], minmay_misc_feat_rows
D:4:      layout_rooms, marbit_many_paths

Skill      XL: |  1  2  3  4  5 |
---------------+----------------+-----
Fighting       | 1 2 |  2.9
Translocations | 1 2 |  2.5
Necromancy     | 5 |  5.3
Dodging        | |  2.0
Stealth        | |  2.0
Spellcasting   | |  2.0

Action                   |  1- 3 |  4- 6 || total
-------------------------+-------+-------++-------
Melee: Unarmed           |    15 |       ||    15
       Short sword       |    17 |       ||    17
       Dagger            |     7 |    66 ||    73
       Mace              |       |    32 ||    32
Throw: Dart              |     4 |       ||     4
 Cast: Necrotise         |    61 |    51 ||   112
       Vampiric Draining |       |     1 ||     1
  Use: Scroll            |       |    14 ||    14
       Potion            |       |     1 ||     1
 Stab: Distracted        |     1 |       ||     1
       Sleeping          |       |     3 ||     3
Armor: Robe              |    18 |    22 ||    40
Dodge: Dodged            |    40 |    84 ||   124

Table legend: (Time is in decaauts)
 A = Elapsed time spent in this place.
 B = Non-inter-level travel time spent in this place.
 C = Inter-level travel time spent in this place.
 D = Time resting spent in this place.
 E = Time spent auto-exploring this place.
 F = Levels seen in this place.
 G = Mean time per level.
                   A        B        C        D        E       F      G
               +--------+--------+--------+--------+--------+-----+--------+
         Total |   4043 |   3742 |    301 |    203 |   2908 |   4 | 1010.8 |
       Dungeon |   4043 |   3742 |    301 |    203 |   2908 |   4 | 1010.8 |
               +--------+--------+--------+--------+--------+-----+--------+

Top non-repeatable levels by time:
     D:1: 1440 daAuts
     D:3: 1206 daAuts
     D:2: 829 daAuts
     D:4: 567 daAuts
